 Dungeon Crawl Stone Soup version 0.22-a0-271-gc000056 (webtiles) character file.

104 b5mith the Vandal (level 5, -2/35 HPs)
             Began as a Halfling Hunter on Mar 10, 2018.
             Slain by edsrzf's ghost (4 damage)
             ... on level 3 of the Dungeon.
             The game lasted 00:06:30 (1855 turns).

b5mith the Vandal (Halfling Hunter)                 Turns: 1855, Time: 00:06:31

Health: -2/35      AC:  3    Str: 11 (13) XL:     5   Next: 7%
Magic:  5/5        EV: 21    Int:  6 (9)  God:
Gold:   83         SH:  0    Dex: 19 (21) Spells: 4/4 levels left

rFire    + . .     SeeInvis .   b - +0 short sword
rCold    + . .     Gourm    .   (shield restricted)
rNeg     . . .     Faith    .   c - +0 leather armour
rPois    +         Spirit   .   (no helmet)
rElec    +         Reflect  .   (no cloak)
rCorr    +         Harm     .   (no gloves)
MR       .....                  (no boots)
Stlth    +++.......             (no amulet)
HPRegen  0.11/turn              (no ring)
MPRegen  0.09/turn              (no ring)

@: agile, resistant, very slightly contaminated
A: small, mutation resistance 1
a: no special abilities


You were on level 3 of the Dungeon.
You were hungry.

You visited 1 branch of the dungeon, and saw 3 of its levels.

You collected 83 gold pieces.

Inventory:

Hand Weapons
 a - a +1 hunting sling
 b - a +0 short sword (weapon)
Missiles
 d - 8 sling bullets
 h - 67 stones (quivered)
Armour
 c - a +0 leather armour (worn)
Scrolls
 g - 2 scrolls of identify {@r1}
 j - a scroll of remove curse {unknown}
 m - 3 scrolls of noise
 n - a scroll of teleportation {unknown}
 p - a scroll of blinking {unknown}
Potions
 o - a potion of lignification {unknown}
Comestibles
 f - 4 rations
 q - 3 chunks of flesh


   Skills:
 + Level 2.6 Fighting
 + Level 6.6 Slings
 + Level 3.3 Dodging
 + Level 2.7 Stealth


You had 4 spell levels left.
You didn't know any spells.

Dungeon Overview and Level Annotations

Branches:
Dungeon (3/15)

Altars:

Annotations:
D:3 edsrzf's ghost, amateur GnTm


Innate Abilities, Weirdness & Mutations

You are small and have problems with some larger weapons.
You are somewhat resistant to further mutation.


Message History

* * * LOW HITPOINT WARNING * * *
You hit edsrzf's ghost.
Edsrzf's ghost is heavily damaged.
Edsrzf's ghost completely misses you.
You miss edsrzf's ghost.
Edsrzf's ghost is heavily damaged.
Edsrzf's ghost barely misses you.
You hit edsrzf's ghost.
Edsrzf's ghost is heavily damaged.
You flicker back into view.
Edsrzf's ghost hits you.
* * * LOW HITPOINT WARNING * * *
You barely miss edsrzf's ghost.
Edsrzf's ghost is heavily damaged.
Edsrzf's ghost closely misses you.
You miss edsrzf's ghost.
Edsrzf's ghost is heavily damaged.
Edsrzf's ghost shouts, "Do you think the gods will protect you?"
Edsrzf's ghost hits you.
You die...

###### #.W@.#. #.####.
#.# #.. ### #.# #.###.#
.. # #.# #...#.#
...#.#.#######.#.#
.....#.##........####.
#>...............).....
.........................


You could see edsrzf's ghost.

Vanquished Creatures
  A worker ant (D:3)
  4 adders
  2 worms (D:2)
  2 dart slugs (D:1)
  2 leopard geckos (D:2)
  A ball python (D:1)
  3 giant cockroaches
  2 goblins (D:1)
  5 hobgoblins
  A quokka (D:3)
  3 bats
  5 frilled lizards
  3 kobolds
  3 rats
37 creatures vanquished.

Notes
Turn   | Place    | Note
-------+----------+-------------------------------------------
     0 | D:1      | b5mith the Halfling Hunter began the quest for the Orb.
     0 | D:1      | Reached XP level 1. HP: 14/14 MP: 1/1
    76 | D:1      | Reached XP level 2. HP: 17/19 MP: 2/2
   112 | D:1      | Reached skill level 6 in Slings
   620 | D:1      | Reached XP level 3. HP: 24/24 MP: 3/3
   944 | D:2      | Reached XP level 4. HP: 28/30 MP: 4/4
  1795 | D:3      | Reached XP level 5. HP: 22/35 MP: 5/5
  1810 | D:3      | Noticed edsrzf's ghost (amateur GnTm)
  1855 | D:3      | Slain by edsrzf's ghost

Vault maps used:
D:1:      minmay_arrival_plants_in_alcoves
D:3:      serial_curves, eino_curves_03, eino_curves_02, gup_sewer_entry_bubbles

Skill      XL: |  1  2  3 |
---------------+----------+-----
Fighting       | 2 |  2.6
Slings         | 6 |  6.6
Stealth        | 2 |  2.7
Dodging        | 3 |  3.3

Action                   |  1- 3 |  4- 6 || total
-------------------------+-------+-------++-------
Melee: Short sword       |    26 |    31 ||    57
 Fire: Hunting sling     |    50 |    36 ||    86
Throw: Stone             |       |     1 ||     1
  Use: Potion            |       |     4 ||     4
       Scroll            |       |     1 ||     1
 Stab: Sleeping          |     1 |       ||     1
  Eat: Chunk             |       |     2 ||     2
Armor: Leather armour    |     4 |     3 ||     7
Dodge: Dodged            |    23 |    32 ||    55

Table legend:
 A = Spawn XP
 B = Non-spawn XP
 C = Spawn XP percentage of total XP
 D = Spawn monster count
 E = Non-spawn monster count
 F = Spawn count percentage of total count
 G = Total turns spent on level
                    A         B        C        D         E        F      G
               +---------+---------+-------+---------+---------+-------+---------
         Total |       0 |     149 |   0.0 |       0 |      37 |   0.0 |  1855
               +---------+---------+-------+---------+---------+-------+---------
           D:1 |       0 |      32 |   0.0 |       0 |      17 |   0.0 |   655
           D:2 |       0 |      64 |   0.0 |       0 |      14 |   0.0 |  1034
           D:3 |       0 |      53 |   0.0 |       0 |       6 |   0.0 |   166
               +---------+---------+-------+---------+---------+-------+---------
